cohdb
Replays
Latest Replays
All Replays
Popular Replays
Top Player Replays
Match Explorer
How It Works
Community
CoH3 Stats
Reddit
Sign in to upload your games and track your stats! →
Sign in with Steam
Match 45194548
Unlisted
Match 45194548
Overview
Messages
Build Orders
End
Construct Barracks
Selects Heavy Weapons
Riflemen Squad
M1 Mortar Team
Riflemen Squad
Construct Medical Station
Selects Assault Carriers
Construct Weapon Support Center
Infantry Support Center
M3 Assault Carrier
M1918 Browning Automatic Rifles
Selects M2HB .50cal Heavy Machine Gun
M1919 Machine Gun Team
AI Takeover
Kwarzym
LionElPotato
Germal
OYS
ColdDown
Sabom
J18Smith
Доминик Декоко
0
0
Comments
sign in to comment!
No comments posted yet!